 Dungeon Crawl Stone Soup version 0.27.1-2-g3b301248ec (webtiles) character file.

Game seed: 11358236360479345688

84 pkoi the Shooter (level 4, -1/37 HPs)
             Began as a Minotaur Hunter on Sept 22, 2021.
             Succumbed to an adder's poison
             ... on level 3 of the Dungeon.
             The game lasted 00:02:02 (2504 turns).

pkoi the Shooter (Minotaur Hunter)                  Turns: 2504, Time: 00:02:03

Health: -1/37      AC:  4    Str: 17    XL:     4   Next: 23%
Magic:  3/3        EV: 11    Int:  8    God:
Gold:   72         SH:  0    Dex: 11    Spells: 3/3 levels left

rFire    + . .     SeeInvis .   a - +1 shortbow
rCold    + . .     Faith    .   (shield currently unavailable)
rNeg     . . .     Spirit   .   c - +0 leather armour
rPois    +         Reflect  .   (helmet restricted)
rElec    +         Harm     .   (no cloak)
rCorr    +         Rampage  .   (no gloves)
Will     .....                  h - +0 pair of boots
Stlth    +.........             (no amulet)
HPRegen  0.12/turn              (no ring)
MPRegen  0.08/turn              (no ring)

@: mighty, lethally poisoned (-1 -> -11), resistant
A: horns 2, retaliatory headbutt
a: no special abilities


You were on level 3 of the Dungeon.
You visited 1 branch of the dungeon, and saw 3 of its levels.

You collected 72 gold pieces.

Inventory:

Hand Weapons
 a - a +1 shortbow (weapon)
 b - a +0 short sword
Missiles
 d - 15 arrows (quivered ammo)
Armour
 c - a +0 leather armour (worn)
 h - a +0 pair of boots (worn)
Jewellery
 p - a +6 ring of strength
Scrolls
 f - 4 scrolls of identify {unknown}
 i - a scroll of fear {unknown}
 j - a scroll of noise {unknown}
 k - a scroll of fog {unknown}
 m - a scroll of teleportation {unknown}
 n - a scroll of magic mapping {unknown}
 o - a scroll of immolation {unknown}
Potions
 l - a potion of berserk rage {unknown}


   Skills:
 - Level 2.4 Fighting
 + Level 6.3 Bows
 - Level 2.1 Dodging
 - Level 0.7 Stealth


You had 3 spell levels left.
You didn't know any spells.
Your spell library contained the following spells:

 Spells                   Type           Power      Damage    Failure   Level
 Blink                    Tloc           N/A        N/A       63%         2
 Lesser Beckoning         Tloc           0%         N/A       85%         3
 Ozocubu's Armour         Ice            0%         N/A       85%         3
 Animate Dead             Necr           0%         N/A       99%         4
 Borgnjor's Vile Clutch   Necr/Erth      0%         N/A       100%        5
 Manifold Assault         Tloc           0%         N/A       100%        5
 Death Channel            Necr           0%         N/A       100%        6
 Ozocubu's Refrigeration  Ice            0%         4d5       100%        7


Dungeon Overview and Level Annotations

Branches:
Dungeon (3/15)

Altars:

Shops:
D:1 [


Innate Abilities, Weirdness & Mutations

You have a pair of horns on your head.
You reflexively headbutt those who attack you in melee.


Message History

You feel sick.
You feel sick.
Things that are here:
a +0 whip; 7 poisoned darts; a kobold corpse
a - a +1 shortbow (weapon)
You feel sick.
You are no longer poisoned.
Fire: 18 arrows
Press: ? - help, Q - select action Shift-Dir - straight line, f - adder
Aim: an adder (44% to hit)
You shoot an arrow. The arrow misses the adder.
Unknown command.
Fire: 17 arrows
Press: ? - help, Q - select action Shift-Dir - straight line, f/p - adder
Aim: an adder (44% to hit)
You shoot an arrow. The arrow closely misses the adder.
The adder bites you.
* * * LOW HITPOINT WARNING * * *
You are poisoned.
The adder poisons you!
Fire: 16 arrows
Press: ? - help, Q - select action Shift-Dir - straight line, f/p - adder
Aim: an adder (44% to hit)
You shoot an arrow. The arrow closely misses the adder.
* * * LOW HITPOINT WARNING * * *
You feel sick. The adder bites you.
* * * LOW HITPOINT WARNING * * *
You are lethally poisoned!
The adder poisons you! The adder bites you.
* * * LOW HITPOINT WARNING * * *
You are more poisoned.
The adder poisons you!
It was a potion of might.
You feel very mighty all of a sudden.
* * * LOW HITPOINT WARNING * * *
You feel very sick. The adder barely misses you.
It was a potion of resistance.
You feel protected.
You die...

#... #.(.....# #..
#.......# ####.
#.......# #....
##.......#######....
###........#..........
#(.........#..........
#....S.....#..........
#....@.....#..........
#......#.......)......
#......).#..........##
.........#####..........
.......... .............
....................<.##
............##.####.....
......####...... #..
##..### ....... #.....
##. #...# #


You could see an adder.

Vanquished Creatures
  2 adders
  A worm (D:2)
  A dart slug (D:3)
  6 ball pythons
  6 endoplasms
  A giant cockroach (D:1)
  6 goblins
  2 hobgoblins
  11 jackals
  2 quokkas
  A bat (D:1)
  5 frilled lizards
  6 kobolds
  6 rats
56 creatures vanquished.

Notes
Turn   | Place    | Note
-------+----------+-------------------------------------------
     0 | D:1      | pkoi the Minotaur Hunter began the quest for the Orb.
     0 | D:1      | Reached XP level 1. HP: 18/18 MP: 0/0
     3 | D:1      | Noticed an electric eel
     4 | D:1      | Noticed an electric eel
   267 | D:1      | Reached XP level 2. HP: 25/25 MP: 1/1
   289 | D:1      | Found Otzarphipp's Armour Shop.
   322 | D:1      | Found a faded altar of an unknown god.
   331 | D:1      | Reached skill level 5 in Bows
  1180 | D:2      | Reached XP level 3. HP: 22/30 MP: 2/2
  1843 | D:2      | Reached skill level 6 in Bows
  2431 | D:3      | Reached XP level 4. HP: 36/37 MP: 3/3
  2503 | D:3      | HP: 1/37 [poisoned by an adder]
  2504 | D:3      | Succumbed to an adder's poison

Illustrated notes

Levels and vault maps discovered:
D:1:      arrival_aquarium_b, layout_basic, serial_shops,
          nicolae_shop_window_shopping, hellmonk_ecumenical_altar_crossroads
D:2:      layout_loops_corners, dk_noncrumbling_2
D:3:      layout_rooms, tso_metal_star, nrook_mini_backslash,
          grunt_ministairs_9, st_stairs_8

Skill      XL: |  1  2  3 |
---------------+----------+-----
Bows           | 5 6 |  6.3
Fighting       | |  2.4
Dodging        | |  2.1
Stealth        | |  0.7

Action                   |  1- 3 |  4- 6 || total
-------------------------+-------+-------++-------
Melee: Short sword       |   119 |     7 ||   126
       Headbutt          |     8 |     2 ||    10
 Fire: Shortbow          |     6 |    11 ||    17
  Use: Potion            |       |     2 ||     2
Armor: Leather armour    |    30 |     2 ||    32
Dodge: Dodged            |    78 |     7 ||    85
